 Dungeon Crawl Stone Soup version 0.22-a0-538-g76cc104 (webtiles) character file.

1272 vierth the Cleaver (level 8, 0/69 (71) HPs)
             Began as a Minotaur Fighter on June 23, 2018.
             Slain by an ogre
             ... wielding a +0 giant club
              (20 damage)
             ... on level 6 of the Dungeon.
             The game lasted 00:08:58 (5632 turns).

vierth the Cleaver (Minotaur Fighter)               Turns: 5632, Time: 00:08:58

HP:   0/69 (71)     AC: 11    Str: 23    XL:     8   Next: 28%
MP:   7/7           EV:  6    Int:  5    God:
Gold: 170           SH: 10    Dex: 10    Spells: 7/7 levels left

rFire    . . .     SeeInvis .   a - +1 war axe
rCold    . . .     Gourm    .   c - +0 shield
rNeg     . . .     Faith    .   t - +0 chain mail
rPois    .         Spirit   .   (helmet restricted)
rElec    .         Reflect  .   (no cloak)
rCorr    .         Harm     .   k - +0 pair of gloves
MR       .....                  (no boots)
Stlth    ..........             (no amulet)
HPRegen  0.21/turn              (no ring)
MPRegen  0.10/turn              (no ring)

@: no status effects
A: retaliatory headbutt, horns 2
a: no special abilities


You were on level 6 of the Dungeon.
You were not hungry.

You visited 1 branch of the dungeon, and saw 6 of its levels.

You collected 170 gold pieces.

Inventory:

Hand Weapons
 a - a +1 war axe (weapon)
 l - a +0 flail
 v - a +1 dire flail of crushing
Armour
 c - a +0 shield (worn)
 k - a +0 pair of gloves (worn)
 t - a +0 chain mail (worn)
Wands
 s - a wand of random effects (33)
Scrolls
 b - a scroll of remove curse
 g - 2 scrolls of fog
 h - a scroll of magic mapping
 o - 2 scrolls of blinking
 p - a scroll of identify
 u - 2 scrolls of teleportation
Potions
 d - 2 potions of might
 e - 6 potions of curing
 i - a potion of flight {unknown}
 j - 2 potions of cancellation {unknown}
 m - a potion of agility {unknown}
 n - a potion of ambrosia {unknown}
 q - 3 potions of magic
 r - a potion of resistance {unknown}
Comestibles
 f - 3 rations


   Skills:
 + Level 6.5 Fighting
 * Level 8.0 Axes
 + Level 6.4 Armour
 + Level 6.4 Shields


You had 7 spell levels left.
You didn't know any spells.
Your spell library contained the following spells:

 Spells                   Type           Power        Failure   Level  Hunger
 Magic Dart               Conj           #...         100%        1    ##.....
 Conjure Flame            Conj/Fire      #.......     100%        3    ####...
 Slow                     Hex            #.......     100%        2    ###....
 Mephitic Cloud           Conj/Pois/Air  #.......     100%        3    ####...
 Blink                    Tloc           N/A          100%        2    ###....
 Call Imp                 Summ           #.......     100%        2    ###....


Dungeon Overview and Level Annotations

Branches:
Dungeon (6/15)
 Temple: D:4-7

Altars:
Fedhas
Sif Muna
Uskayaw

Annotations:
D:6 Menkaure


Innate Abilities, Weirdness & Mutations

You reflexively headbutt those who attack you in melee.
You have a pair of horns on your head.


Message History

The ogre is moderately wounded.
The ogre hits you with a giant club!!
* * * LOW HITPOINT WARNING * * *
You are too injured to fight recklessly!
You are too injured to fight recklessly!
You are too injured to fight recklessly!
You are too injured to fight recklessly!
You are too injured to fight recklessly!
You are too injured to fight recklessly!
You are too injured to fight recklessly!
You hit the ogre. Your headbutt misses the ogre.
The ogre is heavily wounded.
You block the ogre's attack.
The bullfrog skeleton barely misses you.
Your shield and chain mail prevent you from hitting the ogre.
The ogre is heavily wounded.
You hit the bullfrog skeleton.
You block the bullfrog skeleton's attack.
The ogre hits you with a giant club!!
You die...

#...##.......
#.#.##.##....
##.#.#..##....
#######..#...##..#..
............#....###
#####..###......#
#........####
...#######.#.....##
#....O@.†.........#
###..Z.##.######..#
#...###.# #..#####
#.... #.# #...#..
#..##. #.# ###.....
...# #. #.# #.....(.
### #. #.# #.#.....
#. ..# #.......
#.......


You could see an ogre and a bullfrog skeleton.

Vanquished Creatures
  Edmund (D:6)
  A sky beast (D:5)
  A necrophage (D:6)
  A black bear (D:6)
  An orc warrior (D:5)
  A phantom (D:5)
  A centaur (D:4)
  A big kobold (D:4)
  2 bullfrogs (D:6)
  2 crimson imps
  2 orc priests
  An iguana (D:6)
  A worker ant (D:6)
  A hound skeleton (D:3)
  A howler monkey skeleton (D:4)
  A worker ant zombie (D:6)
  9 adders
  3 gnolls (D:5)
  A shadow imp (D:5)
  2 oozes
  An adder skeleton (D:6)
  A worm (D:2)
  5 dart slugs
  2 leopard geckos
  10 orcs
  6 bats
  5 giant cockroaches
  7 goblins
  5 hobgoblins
  6 jackals
  3 quokkas
  2 ball pythons
  8 frilled lizards
  7 kobolds
  8 rats
110 creatures vanquished.

Notes
Turn   | Place    | Note
-------+----------+-------------------------------------------
     0 | D:1      | vierth the Minotaur Fighter began the quest for the Orb.
     0 | D:1      | Reached XP level 1. HP: 19/19 MP: 0/0
   136 | D:1      | Reached XP level 2. HP: 23/27 MP: 1/1
   145 | D:1      | Reached skill level 3 in Axes
   428 | D:1      | Reached XP level 3. HP: 33/33 MP: 2/2
   692 | D:2      | Found a deep blue altar of Sif Muna.
  1202 | D:2      | Reached XP level 4. HP: 40/40 MP: 3/3
  1349 | D:2      | Found a faded altar of an unknown god.
  1599 | D:3      | Reached skill level 4 in Axes
  2521 | D:3      | Reached XP level 5. HP: 47/47 MP: 4/4
  2536 | D:3      | Found a hide-covered altar of Uskayaw.
  3161 | D:4      | Found a blossoming altar of Fedhas.
  3161 | D:4      | Noticed a centaur
  3200 | D:4      | Reached skill level 5 in Axes
  3200 | D:4      | Reached XP level 6. HP: 20/55 MP: 5/5
  3454 | D:4      | Reached skill level 5 in Fighting
  3454 | D:4      | Reached skill level 5 in Armour
  3454 | D:4      | Reached skill level 5 in Shields
  3804 | D:5      | Entered Level 5 of the Dungeon
  4257 | D:5      | Noticed a sky beast
  4273 | D:5      | Killed a sky beast
  4273 | D:5      | Reached skill level 6 in Axes
  4669 | D:6      | Noticed Menkaure
  4674 | D:6      | Reached XP level 7. HP: 31/61 MP: 6/6
  5433 | D:6      | Reached skill level 7 in Axes
  5528 | D:6      | Reached XP level 8. HP: 62/68 MP: 7/7
  5560 | D:6      | Noticed Edmund
  5573 | D:6      | Killed Edmund
  5625 | D:6      | Reached skill level 8 in Axes
  5632 | D:6      | Slain by an ogre

Vault maps used:
D:1:      dpeg_arrival_castle
D:2:      overflow_temple_1_default, chequers_ecumenical_altar_island,
          minmay_ruptured
D:3:      marbit_many_paths, first_ration
D:4:      fedhas_bush_and_centaur_altar
D:6:      temple_statues, uniq_menkaure, uniq_edmund

Skill      XL: |  1  2  3  4  5  6  7  8 |
---------------+-------------------------+-----
Axes           | 3 4 5 6 7 8 |  8.0
Fighting       | 4 5 6 |  6.5
Armour         | 4 5 6 |  6.4
Shields        | 4 5 6 |  6.4

Action                   |  1- 3 |  4- 6 |  7- 9 || total
-------------------------+-------+-------+-------++-------
Melee: War axe           |    78 |   138 |    79 ||   295
       Headbutt          |    10 |    18 |    15 ||    43
  Use: Scroll            |     3 |     7 |       ||    10
  Eat: Ration            |     1 |     3 |     1 ||     5
Armor: Scale mail        |    34 |    25 |       ||    59
       Chain mail        |       |    27 |    42 ||    69
Dodge: Dodged            |    29 |    35 |    13 ||    77
Block: Shield            |    52 |    70 |    39 ||   161

Table legend:
 A = Spawn XP
 B = Non-spawn XP
 C = Spawn XP percentage of total XP
 D = Spawn monster count
 E = Non-spawn monster count
 F = Spawn count percentage of total count
 G = Total turns spent on level
                    A         B        C        D         E        F      G
               +---------+---------+-------+---------+---------+-------+---------
         Total |       0 |    1818 |   0.0 |       0 |     110 |   0.0 |  5632
               +---------+---------+-------+---------+---------+-------+---------
           D:1 |       0 |      43 |   0.0 |       0 |      20 |   0.0 |   688
           D:2 |       0 |      71 |   0.0 |       0 |      28 |   0.0 |   676
           D:3 |       0 |      95 |   0.0 |       0 |      20 |   0.0 |  1348
           D:4 |       0 |     296 |   0.0 |       0 |      12 |   0.0 |  1092
           D:5 |       0 |     528 |   0.0 |       0 |      15 |   0.0 |  1504
           D:6 |       0 |     785 |   0.0 |       0 |      15 |   0.0 |   324
               +---------+---------+-------+---------+---------+-------+---------
